AoeStats
← DKing

Arena

510136859Analyzed
4v4 RM · 2d ago on Sep 29, 2026· 63m 25s· 8 players
Game mode
Random Map
Map size
Large (8 player)
Population
200
Speed
Normal
Resources
Standard
Victory
Conquest
Starting age
Dark Age
Ending age
Imperial Age
RankedLock teamsTeams togetherTeam positionsShared explorationLock speedFull tech treeHidden civsTurbo modeCheats
Victory
Defeat
🇺🇦 Bohemians · Ukraine
1764
+3
🇨🇦 Danes · Canada
1519
+9
🇺🇸 Franks · United States
1096
+24
🇦🇺 Spanish · Australia
1042
+25
🇨🇳 Slavs · China
1397
-19
🇧🇷 Japanese · Brazil
1338
-15
🇹🇷 Gurjaras · Türkiye
1330
-15
🇵🇹 Hindustanis · Portugal
1250
-12
DKing
10:43 Feudal Age
11:57 Double-Bit Axe
14:23 Castle Age
12:28 Horse Collar
16:07 Bow Saw
17:03 Heavy Plow
18:46 Loom
26:31 Imperial Age
24:46 Forging
25:00 Gold Mining
25:08 Fletching
24:54 Pikeman
25:34 Squires
26:29 Wheelbarrow
26:36 Husbandry
26:47 Bloodlines
27:36 Scale Barding Armor
28:06 Bodkin Arrow
30:08 Chain Barding Armor
31:20 Conscription
30:40 Light Cavalry
32:01 Town Watch
32:53 Heavy Camel Rider
37:21 Plate Barding Armor
38:38 Chemistry
37:49 Fortified Wall
38:51 Two-Man Saw
38:29 Iron Casting
38:15 Padded Archer Armor
40:30 Leather Archer Armor
41:34 Shatagni
42:08 Ring Archer Armor
43:15 Hussar
47:34 Elite Skirmisher
48:47 Scale Mail Armor
49:48 Blast Furnace
51:38 Chain Mail Armor
52:29 Hoardings
57:32 Caravan
59:37 Siege Elephant
Caga Mole
9:45 Feudal Age
14:28 Castle Age
12:14 Loom
13:09 Double-Bit Axe
27:05 Scale Mail Armor
27:38 Forging
27:34 Pikeman
28:56 Squires
31:08 Chain Mail Armor
35:49 Fletching
36:29 Bodkin Arrow
38:08 Husbandry
38:44 Padded Archer Armor
40:21 Leather Archer Armor
41:08 Ballistics
43:59 Imperial Age
41:15 Town Watch
42:53 Bloodlines
43:31 Guard Tower
43:43 Yasama
45:13 Kataparuto
46:41 Plate Mail Armor
47:41 Halberdier
48:57 Iron Casting
帝国孙笑川
10:27 Feudal Age
14:29 Castle Age
13:02 Double-Bit Axe
13:00 Horse Collar
15:38 Bow Saw
15:43 Heavy Plow
24:08 Wheelbarrow
24:26 Loom
25:24 Hand Cart
25:31 Town Watch
28:41 Imperial Age
26:40 Scale Barding Armor
26:34 Gold Mining
26:35 Stone Mining
27:41 Chain Barding Armor
27:50 Forging
29:02 Detinets
29:20 Bloodlines
29:11 Husbandry
29:14 Elite Boyar
30:15 Conscription
31:05 Plate Barding Armor
31:05 Iron Casting
33:22 Fletching
34:33 Blast Furnace
35:10 Gold Shaft Mining
37:19 Two-Man Saw
36:41 Bodkin Arrow
37:11 Ballistics
37:51 Chemistry
37:55 Coinage
37:27 Padded Archer Armor
38:31 Leather Archer Armor
39:56 Banking
40:20 Hoardings
47:50 Light Cavalry
50:20 Caravan
49:59 Hussar
52:25 Scale Mail Armor
54:08 Squires
53:28 Pikeman
54:26 Chain Mail Armor
54:20 Druzhina
54:55 Halberdier
57:51 Plate Mail Armor
hirax34
10:23 Feudal Age
10:19 Loom
12:28 Double-Bit Axe
14:55 Castle Age
12:41 Horse Collar
16:02 Bow Saw
16:47 Heavy Plow
22:50 Wheelbarrow
23:15 Gold Mining
25:11 Gold Shaft Mining
29:02 Imperial Age
27:20 Ballistics
26:53 Fletching
27:04 Padded Archer Armor
27:35 Hand Cart
28:05 Bodkin Arrow
28:52 Leather Archer Armor
29:36 Bloodlines
29:26 Husbandry
29:10 Elite Elephant Archer
30:15 Conscription
30:12 Town Watch
32:10 Chemistry
31:30 Devotion
32:28 Bracer
32:48 Thumb Ring
33:19 Town Patrol
32:53 Elite Skirmisher
34:26 Crop Rotation
34:25 Scale Barding Armor
34:30 Forging
34:40 Elite Shrivamsha Rider
35:54 Stone Mining
36:57 Chain Barding Armor
37:12 Iron Casting
37:39 Masonry
39:14 Frontier Guards
42:29 Plate Barding Armor
44:37 Heavy Camel Rider
57:34 Light Cavalry
lxnmnk Trade | B | S
3:44 Loom
11:15 Feudal Age
11:55 Double-Bit Axe
14:55 Castle Age
13:29 Double-Bit Axe
13:47 Horse Collar
17:01 Fervor
17:22 Fervor
19:49 Bow Saw
21:37 Wheelbarrow
22:51 Hand Cart
28:01 Imperial Age
26:54 Chemistry
27:37 Padded Archer Armor
29:07 Leather Archer Armor
29:27 Siege Engineers
30:26 Ring Archer Armor
29:49 Fletching
30:21 Ballistics
30:07 Elite Skirmisher
32:05 Bodkin Arrow
32:26 Houfnice
33:09 Heavy Plow
33:21 Bracer
35:23 Masonry
36:03 Wagenburg Tactics
36:44 Architecture
38:20 Scale Mail Armor
38:30 Forging
37:41 Pikeman
38:21 Squires
39:10 Fortified Wall
39:28 Chain Mail Armor
38:47 Halberdier
40:54 Iron Casting
40:52 Chain Mail Armor
42:35 Crossbowman
46:11 Guilds
47:18 Plate Mail Armor
47:53 Blast Furnace
51:41 Coinage
51:46 Caravan
58:52 Banking
60:04 Two-Man Saw
60:35 Arson
61:00 Arrowslits
61:43 Bombard Tower
61:41 Atonement
61:51 Redemption
61:41 Devotion
62:07 Illumination
61:52 Loom
61:53 Town Watch
62:05 Guard Tower
62:27 Scale Barding Armor
61:44 Man-at-Arms
62:24 Murder Holes
62:41 Careening
62:41 Clinker Construction
63:51 Chain Barding Armor
62:53 Long Swordsman
Nortrom Antivirus
8:28 Loom
8:58 Loom
10:44 Feudal Age
15:38 Castle Age
14:34 Wheelbarrow
13:46 Double-Bit Axe
24:35 Scale Barding Armor
24:53 Husbandry
26:37 Hand Cart
27:52 Town Watch
30:51 Imperial Age
29:39 Chain Barding Armor
29:30 Forging
30:34 Ordonnance Companies
34:45 Ordonnance Companies
34:48 Cavalier
36:35 Iron Casting
36:43 Plate Barding Armor
37:07 Paladin
38:37 Town Patrol
38:38 Gold Mining
41:19 Blast Furnace
41:11 Conscription
42:23 Cranequins
42:52 Light Cavalry
44:29 Chivalry
45:12 Fletching
45:22 Padded Archer Armor
50:46 Bodkin Arrow
51:08 Leather Archer Armor
61:13 Caravan
62:42 Ballistics
63:23 Chemistry
VIT | Hera
10:56 Feudal Age
11:27 Double-Bit Axe
14:25 Castle Age
12:31 Horse Collar
15:20 Bow Saw
15:11 Heavy Plow
19:11 Wheelbarrow
20:10 Hand Cart
20:47 Hand Cart
20:21 Loom
20:29 Fletching
26:24 Stone Mining
27:46 Hand Cart
31:44 Imperial Age
30:46 Hamask
32:35 Scale Mail Armor
32:46 Forging
33:47 Town Watch
34:18 Chain Mail Armor
35:41 Plate Mail Armor
35:55 Ballistics
36:03 Siege Engineers
36:19 Conscription
37:23 Elite Jomsviking
38:39 Iron Casting
38:56 Stone Shaft Mining
38:11 Gold Mining
41:19 Blast Furnace
40:14 Bodkin Arrow
40:19 Northmen's Fury
42:10 Chemistry
42:10 Squires
41:36 Elite Skirmisher
42:32 Thumb Ring
42:31 Padded Archer Armor
43:12 Bracer
43:30 Leather Archer Armor
45:48 Ring Archer Armor
47:10 Guard Tower
47:06 Arrowslits
47:58 Masonry
47:44 Murder Holes
49:32 Keep
49:39 Hoardings
51:24 Caravan
FlankTank
10:41 Feudal Age
14:26 Castle Age
13:15 Double-Bit Axe
15:39 Horse Collar
18:48 Bow Saw
20:37 Scale Barding Armor
22:16 Wheelbarrow
21:44 Loom
22:05 Gold Mining
24:18 Scale Barding Armor
24:23 Forging
25:27 Coinage
26:10 Hand Cart
27:41 Husbandry
27:46 Heavy Plow
31:20 Imperial Age
29:15 Chain Barding Armor
29:31 Iron Casting
29:58 Bloodlines
31:05 Fletching
31:16 Padded Archer Armor
31:34 Masonry
31:37 Elite Skirmisher
31:40 Cavalier
33:54 Chemistry
33:15 Ballistics
33:33 Plate Barding Armor
35:14 Two-Man Saw
35:27 Blast Furnace
34:23 Bodkin Arrow
36:01 Supremacy
36:02 Conscription
36:03 Paladin
38:51 Banking
37:53 Pikeman
38:33 Squires
40:16 Fortified Wall
40:24 Inquisition
41:52 Caravan
42:53 Scale Mail Armor
44:42 Chain Mail Armor
46:31 Plate Mail Armor
46:17 Leather Archer Armor
46:43 Halberdier
50:59 Architecture
50:24 Murder Holes
51:59 Conscription
52:11 Guilds
54:57 Bracer
55:27 Ring Archer Armor
62:07 Thumb Ring
Connection lost

Rejoining the realm…

Still unreachable

The connection could not be restored.

Session expired

The server has moved on; the page needs a fresh start.